 Dungeon Crawl Stone Soup version 0.27.1 (webtiles) character file.

Game seed: 16979035959908895563

37 chaosape the Protected (level 3, -1/27 HPs)
             Began as a Gnoll Wanderer on Aug 22, 2021.
             Was a Believer of Hepliaklqana.
             Slain by Crazy Yiuf (8 damage)
             ... on level 1 of the Dungeon.
             The game lasted 00:15:32 (1288 turns).

chaosape the Protected (Gnoll Wanderer)             Turns: 1288, Time: 00:15:32

Health: -1/27      AC: 11    Str: 13    XL:     3   Next: 39%
Magic:  4/4        EV:  6    Int: 10    God:    Hepliaklqana [**....]
Gold:   87         SH:  0    Dex: 11    Spells: 2/3 levels left

rFire    . . .     SeeInvis .   o - +0 war axe
rCold    . . .     Faith    .   (no shield)
rNeg     . . .     Spirit   .   r - +0 chain mail
rPois    .         Reflect  .   (no helmet)
rElec    .         Harm     .   (no cloak)
rCorr    .         Rampage  .   (no gloves)
Will     .....                  (no boots)
Stlth    ..........             (no amulet)
HPRegen  0.09/turn              (no ring)
MPRegen  0.09/turn              (no ring)

@: no status effects
A: reduced essence, fangs 1, strong nose, distributed training
a: Renounce Religion, Ancestor Life: Knight, Ancestor Life: Battlemage, Ancestor
Life: Hexer, Recall Ancestor, Ancestor Identity


You were on level 1 of the Dungeon.
You worshipped Hepliaklqana.
Hepliaklqana was pleased with you.
You visited 1 branch of the dungeon, and saw 2 of its levels.

You collected 87 gold pieces.

Inventory:

Hand Weapons
 a - a +0 shortbow
 h - a +0 short sword
 m - a +0 club
 n - a +0 short sword
 o - a +0 war axe (weapon)
 p - a +0 dagger
 q - a +0 spear
 s - a +0 hunting sling
 t - a +0 short sword
 u - a +0 short sword
 v - a +0 hunting sling
Missiles
 c - 46 arrows
 e - 75 stones
Armour
 b - a +2 scale mail
 r - a +0 chain mail (worn)
Scrolls
 g - a scroll of enchant weapon {unknown}
 i - a scroll of blinking
 l - a scroll of enchant armour {unknown}
 w - a scroll of teleportation {unknown}
Potions
 f - a potion of magic {unknown}
 j - a potion of might {unknown}
 k - 3 potions of flight {unknown}
Miscellaneous
 d - a piece from Xom's chessboard (15/15) (quivered)


   Skills:
 + Level 4.5 Fighting
 + Level 0.7 Short Blades
 + Level 0.7 Long Blades
 + Level 0.7 Axes
 + Level 0.7 Maces & Flails
 + Level 0.7 Polearms
 + Level 0.7 Staves
 + Level 0.7 Slings
 + Level 4.5 Bows
 + Level 0.7 Crossbows
 + Level 0.7 Throwing
 + Level 8.5 Armour
 + Level 0.7 Dodging
 + Level 0.7 Stealth
 + Level 2.6 Shields
 + Level 0.7 Unarmed Combat
 + Level 0.7 Spellcasting
 + Level 0.5 Conjurations
 + Level 0.5 Hexes
 + Level 0.5 Summonings
 + Level 0.5 Necromancy
 + Level 0.5 Translocations
 + Level 0.5 Transmutations
 + Level 0.5 Fire Magic
 + Level 0.5 Ice Magic
 + Level 0.5 Air Magic
 + Level 0.5 Earth Magic
 + Level 0.5 Poison Magic
 + Level 0.9 Invocations
 + Level 2.6 Evocations


You had 2 spell levels left.
You knew the following spells:

 Your Spells              Type           Power      Damage    Failure   Level
a - Summon Small Mammal   Summ           4%         N/A       99%         1

Your spell library contained the following spells:

 Spells                   Type           Power      Damage    Failure   Level
 Call Canine Familiar     Summ           1%         N/A       100%        3
 Summon Guardian Golem    Hex/Summ       1%         N/A       100%        3


Dungeon Overview and Level Annotations

Branches:
Dungeon (2/15)

Altars:
Hepliaklqana

Annotations:
D:1 Crazy Yiuf


Innate Abilities, Weirdness & Mutations

Your life essence is reduced to manifest your ancestor. (-10% HP)
You have very sharp teeth.
Your uncanny sense of smell can sniff out nearby items.
Your experience applies equally to all skills.


Message History

You now have 87 gold pieces (gained 7).
Found a mace.
Found a runed translucent door.
Crazy Yiuf shouts!
Unknown command.
You open the door.
Your chain mail prevents you from hitting Crazy Yiuf.
Crazy Yiuf barely misses you.
Your chain mail prevents you from hitting Crazy Yiuf.
Crazy Yiuf whimpers, "Action!
Leather bush chair."
Crazy Yiuf hits you with a +2 quarterstaff of chaos.
You feel your power leaking away.
You barely miss Crazy Yiuf. Crazy Yiuf barely misses you.
Crazy Yiuf yells, "East!
Gum ragdoll noodlescoop."
Crazy Yiuf hits you but does no damage.
You are electrocuted!
You swap places.
Nhalahla completely misses Crazy Yiuf.
Crazy Yiuf hits Nhalahla with a +2 quarterstaff of chaos!
Nhalahla hits Crazy Yiuf.
Crazy Yiuf hits Nhalahla with a +2 quarterstaff of chaos!
Nhalahla is destroyed!
Crazy Yiuf grits, "Shadow mumblescurry sallow!"
Crazy Yiuf cries, "You leg down broken song, no?"
Crazy Yiuf cries, "Hack down seventy!"
Crazy Yiuf cries, "Papa agre testudinal!"
There is a stone staircase leading up here.
Crazy Yiuf yells, "Hack shoe seventy!"
Crazy Yiuf hits you but does no damage.
You climb upwards.
There is a stone staircase leading down here.
Crazy Yiuf hits you with a +2 quarterstaff of chaos.
Crazy Yiuf burns you.
* * * LOW HITPOINT WARNING * * *
Crazy Yiuf whimpers, "Announcement blue sow!"
Crazy Yiuf completely misses you.
Crazy Yiuf glowers.
Crazy Yiuf hits you with a +2 quarterstaff of chaos.
* * * LOW HITPOINT WARNING * * *
You resist with some effort.
Crazy Yiuf twirls on the spot.
Crazy Yiuf hits you with a +2 quarterstaff of chaos!
You die...

#.#.#.#.##.# #.#.#.#.##.#
########
......#....#####...,..# ###
..#.#####......#.####.# #.#
..........รท...........# #.###
...................>..####...#
#.#.#####......#.###.........#
#.#.#***#......#.###.#####.###
..#.#,,,+......'@....#*,*#.#
....#***#......##g##.##.##.#
#...# ###'###............#
#.### ### ############## #.#
######### ####### ..#
#Z#^#Z#Z#######Z#Z#Z#
.############Z#Z#Z########
'##Z#.......#######......##
..###.#####..............<#


You could see Crazy Yiuf.

Vanquished Creatures
  3 dart slugs
  A ball python (D:1)
  2 endoplasms
  5 giant cockroaches
  A hobgoblin (D:1)
  3 jackals (D:2)
  A kobold (D:2)
  A quokka (D:1)
  2 bats (D:1)
  3 frilled lizards
  A rat (D:1)
23 creatures vanquished.

Vanquished Creatures (collateral kills)
  A ball python (D:1)
  A goblin (D:2)
  A jackal (D:2)
3 creatures vanquished.

Vanquished Creatures (others)
  An ancestor (D:2)
1 creature vanquished.

Grand Total: 27 creatures vanquished

Notes
Turn   | Place    | Note
-------+----------+-------------------------------------------
     0 | D:1      | chaosape the Gnoll Wanderer began the quest for the Orb.
     0 | D:1      | chaosape set off with the following items: a +0 shortbow, a
                  | +2 scale mail, 29 arrows, a piece from Xom's chessboard
                  | (15/15)
     0 | D:1      | Reached XP level 1. HP: 20/20 MP: 1/1
     7 | D:1      | Noticed a minotaur skeleton
   332 | D:1      | Reached XP level 2. HP: 26/26 MP: 2/2
   506 | D:1      | Found a faded altar of an unknown god.
   568 | D:1      | Became a worshipper of Hepliaklqana the Forgotten
   568 | D:1      | Reached * piety under Hepliaklqana
   800 | D:2      | Reached XP level 3. HP: 21/27 MP: 3/3
  1091 | D:2      | Reached ** piety under Hepliaklqana
  1156 | D:2      | Learned a level 1 spell: Summon Small Mammal
  1247 | D:2      | Found a runed translucent door.
  1248 | D:2      | Noticed Crazy Yiuf
  1288 | D:1      | Slain by Crazy Yiuf

Illustrated notes

Levels and vault maps discovered:
D:1:      shiori_arrival_whats_in_store_for_you, layout_basic,
          ebering_ecumenical_altar_webs, hangedman_abyss_or_decor_stabs
D:2:      layout_loops_ring, basic_altar, uniq_crazy_yiuf_cottage

Action                   || total
-------------------------++-------
Melee: Short sword       ||    22
       War axe           ||    29
       Bite              ||     3
 Fire: Shortbow          ||    34
Throw: Stone             ||     2
  Use: Scroll            ||     2
Armor: Scale mail        ||    36
       Chain mail        ||    18
Dodge: Dodged            ||    40
